 Dungeon Crawl Stone Soup version 0.30-a0-1123-gabc949cf19 (webtiles) character file.

Game seed: 13290961702312920182

175 avis the Ruffian (level 5, -6/42 HPs)
             Began as a Demigod Transmuter on Apr 22, 2023.
             Mangled by Edmund
             ... wielding a +2 flail of protection
              (9 damage)
             ... on level 3 of the Dungeon.
             The game lasted 00:23:06 (3923 turns).

avis the Ruffian (Demigod Transmuter)               Turns: 3923, Time: 00:23:06

Health: -6/42      AC:  2    Str: 15    XL:     5   Next: 8%
Magic:  18/21      EV: 19    Int: 15    God:
Gold:   202        SH:  0    Dex: 19    Spells: 4/10 levels left

rFire   . .          .
                       - Unarmed
rCold   . . .        (shield currently unavailable)
rNeg    . . .        g - melded +1 robe {rF+}
rPois   x            (helmet currently unavailable)
rElec   .            (cloak currently unavailable)
rCorr   .            (gloves currently unavailable)
SInv    .            (boots currently unavailable)
Will    .....        (no amulet)
Stlth   ++           l - ring of flight
HPRegen 0.27/turn    r - ring of magical power
MPRegen 0.17/turn

%: no passive effects
@: spider-form, flying
A: venomous fangs, tiny, high MP 1, forlorn, divine attributes
a: End Transformation


You were on level 3 of the Dungeon.
You were a venomous arachnid creature.
You visited 1 branch of the dungeon, and saw 4 of its levels.

You collected 202 gold pieces.

Inventory:

Hand Weapons
 m - a +0 rapier
 t - a +0 short sword
Missiles
 e - 2 poisoned darts
 f - 26 stones (quivered)
Armour
 g - a +1 robe of fire resistance (melded)
 k - a +0 buckler
Jewellery
 l - a ring of flight (left front pincers)
 r - a ring of magical power (right front pincers)
Scrolls
 a - 2 scrolls of amnesia {unknown}
 c - a scroll of identify {unknown}
 h - a scroll of silence {unknown}
 j - a scroll of fear {unknown}
 n - a scroll of blinking {unknown}
 q - a scroll of immolation {unknown}
 s - a scroll of magic mapping {unknown}
Potions
 b - a potion of lignification
 d - 2 potions of brilliance {unknown}
 i - 3 potions of magic {unknown}
 o - 2 potions of curing {unknown}
 p - a potion of flight {unknown}
 u - a potion of ambrosia {unknown}


   Skills:
 * Level 2.3 Fighting
 - Level 2.0 Dodging
 - Level 3.0 Unarmed Combat
 - Level 3.0 Spellcasting
 - Level 3.0 Transmutations
 - Level 1.0 Poison Magic


You had 4 spell levels left.
You knew the following spells:

 Your Spells              Type           Power      Damage    Failure   Level
a - Beastly Appendage     Tmut           22%        N/A       17%         1
e - Wereblood             Tmut           11%        N/A       22%         2
p - Spider Form           Tmut/Pois      8%         N/A       47%         3

Your spell library contained the following spells:

 Spells                   Type           Power      Damage    Failure   Level
 Cigotuvi's Dreadful Rot  Necr/Pois/Air  6%         N/A       47%         2
 Ice Form                 Ice/Tmut       6%         N/A       87%         4
 Dispel Undead            Necr           2%         3d7       97%         4
 Death Channel            Necr           1%         N/A       100%        6


Dungeon Overview and Level Annotations

Branches:
Dungeon (4/15)
 Temple: D:4-7

Annotations:
D:3 Edmund


Innate Abilities, Weirdness & Mutations

You are a venomous arachnid creature.
You have venomous fangs.
You are tiny and dextrous.
Your spellcasting is less reliable in this form.
Your armour is entirely melded.
You are incapable of wielding weapons or throwing items.
You have an increased reservoir of magic. (+10% MP)
You shall have no god before yourself.
Your divine heritage dramatically boosts your attributes as you level up.


Message History

Confirm with . or Enter, or press ? or * to list all spells.
The spell is quite dangerous to miscast (26% risk of failure)!
Continue anyway?
You turn into a venomous arachnid creature.
Your +1 robe of fire resistance melds into your body.
You feel less resistant to fire.
You fly downwards.
Level annotation: Edmund Edmund hits you with a +2 flail of protection.
There is a stone staircase leading up here.
You hit Edmund but do no damage.
Edmund hits you with a +2 flail of protection!
You hit Edmund.
Edmund is poisoned.
Edmund is lightly wounded.
Edmund hits you with a +2 flail of protection.
You hit Edmund but do no damage.
Edmund looks as sick as possible!
Edmund is lightly wounded.
Your transformation is almost over.
Edmund closely misses you. Edmund misses you.
You fly upwards.
There is a stone staircase leading down here.
Edmund attacks as you move away! Edmund barely misses you.
Edmund attacks as you move away! Edmund completely misses you.
Your transformation has ended.
Your +1 robe of fire resistance unmelds from your body.
You feel resistant to fire.
Casting: Spider Form (quite dangerous; 26% risk of failure)
Confirm with . or Enter, or press ? or * to list all spells.
The spell is quite dangerous to miscast (26% risk of failure)!
Continue anyway?
You turn into a venomous arachnid creature.
Your +1 robe of fire resistance melds into your body.
You feel less resistant to fire.
Edmund hits you with a +2 flail of protection!
* * * LOW HITPOINT WARNING * * *
Edmund attacks as you move away!
Edmund hits you with a +2 flail of protection!
* * * LOW HITPOINT WARNING * * *
Edmund attacks as you move away!
Edmund hits you with a +2 flail of protection!
You die...

######## #......# ## ####
##### #######.####.# #.
...# #...# #.s...#.# #.#
#. ...### #.#.#
#@###.#.####.# #. .....#
#.#.###.# #......#.#####.
...#.#
#.......###.#............
.....#
#...###..........#.#####.
.##..# ##.##
#######>.....# #. ..#..#
#.# ##.##### #. #.#..#
#.# #.# #.
.....#####.#### #.# ##


You could see Edmund (very poisoned).

Vanquished Creatures
  2 orc priests (D:3)
  An orc wizard (D:3)
  2 adders (D:2)
  2 worms
  3 dart slugs
  7 orcs (D:3)
  4 ball pythons
  5 endoplasms
  2 giant cockroaches
  4 goblins
  5 hobgoblins
  3 jackals (D:1)
  2 kobolds
  3 quokkas
  2 bats
  2 frilled lizards (D:2)
  2 rats (D:3)
51 creatures vanquished.

Notes
Turn   | Place    | Note
-------+----------+-------------------------------------------
     0 | D:1      | avis the Demigod Transmuter began the quest for the Orb.
     0 | D:1      | Reached XP level 1. HP: 15/15 MP: 5/5
   141 | D:1      | Reached skill level 1 in Fighting
   339 | D:1      | Reached XP level 2. HP: 23/23 MP: 5/7
  1413 | D:2      | You fall into a shaft and drop 1 floor!
  1509 | D:2      | Reached XP level 3. HP: 23/29 MP: 8/8
  1543 | D:2      | Learned a level 2 spell: Wereblood
  1547 | D:2      | Learned a level 3 spell: Spider Form
  1658 | D:2      | Reached skill level 1 in Poison Magic
  2195 | D:3      | Reached XP level 4. HP: 29/36 MP: 5/9
  3144 | D:3      | Reached XP level 5. HP: 12/41 MP: 12/12
  3868 | D:4      | Noticed Edmund
  3922 | D:3      | HP: 2/42 [Edmund/+2 flail of protection (9)]
  3923 | D:3      | Mangled by Edmund

Illustrated notes

Levels and vault maps discovered:
D:1:      psy_arrival_whirlpool, layout_basic, shapermc_ecumenical_altar_venn
D:2:      layout_loops_corners
D:3:      layout_loops_corners
D:4:      layout_loops_cross, serial_shops, nicolae_shop_behind_doors,
          kennysheep_generic_room_7, uniq_menkaure, uniq_edmund, uniq_natasha,
          uniq_eustachio

Skill      XL: |  1  2  3  4 |
---------------+-------------+-----
Fighting       | 1 2 |  2.3
Unarmed Combat | 3 |  3.0
Dodging        | 2 |  2.0
Spellcasting   | 2 3 |  3.0
Transmutations | 2 3 |  3.0
Poison Magic   | 1 |  1.0

Action                     |  1- 3 |  4- 6 || total
---------------------------+-------+-------++-------
  Melee: Unarmed           |    70 |    50 ||   120
         Kick              |    18 |     3 ||    21
         Headbutt          |     8 |     2 ||    10
         Punch             |     3 |       ||     3
  Throw: Stone             |     8 |       ||     8
   Cast: Beastly Appendage |    27 |     3 ||    30
         Spider Form       |     1 |    20 ||    21
   Stab: Sleeping          |     1 |     1 ||     2
 Armour: Robe              |     8 |     6 ||    14
  Dodge: Dodged            |    25 |    27 ||    52

Table legend: (Time is in decaauts)
 A = Elapsed time spent in this place.
 B = Non-inter-level travel time spent in this place.
 C = Inter-level travel time spent in this place.
 D = Time resting spent in this place.
 E = Time spent auto-exploring this place.
 F = Levels seen in this place.
 G = Mean time per level.
                   A        B        C        D        E       F      G
               +--------+--------+--------+--------+--------+-----+--------+
         Total |   3920 |   3579 |    341 |    411 |   2296 |   4 |  980.0 |
       Dungeon |   3920 |   3579 |    341 |    411 |   2296 |   4 |  980.0 |
               +--------+--------+--------+--------+--------+-----+--------+

Top non-repeatable levels by time:
     D:3: 1278 daAuts
     D:2: 1257 daAuts
     D:1: 1129 daAuts
     D:4: 255 daAuts
